[ AOE2 MATCH · #504897317 ]
UnrankedVietnamese vs Wei
[ REPLAY ANALYSIS · EXTRACTED FROM THE RECORDED GAME ]
Feudal
9:40
Castle
23:41
Imperial
42:42
| APM avg | 45.6 |
| APM peak | 113 |
| eAPM avg | 27.1 |
| Villagers / military | 143 / 139 |
Focus
⚔️ 25.6% · 🌾 74.4%
Archer ×85 · Battle Elephant ×33 · Skirmisher ×8 · Rattan Archer ×5 · Monk ×4 · Trebuchet (Packed) ×3
Feudal
8:51
Castle
24:20
Imperial
—
| APM avg | 34.7 |
| APM peak | 73 |
| eAPM avg | 16.9 |
| Villagers / military | 125 / 119 |
Focus
⚔️ 40.8% · 🌾 59.2%
Scout Cavalry ×59 · Knight ×52 · Mangonel ×5 · Monk ×3
Feudal
9:18
Castle
22:21
Imperial
37:30
| APM avg | 38.6 |
| APM peak | 83 |
| eAPM avg | 19.7 |
| Villagers / military | 115 / 56 |
Focus
⚔️ 39.5% · 🌾 60.5%
Unknown (1944) ×104 · Scout Cavalry ×55 · Monk ×1
Feudal
9:16
Castle
25:27
Imperial
39:46
| APM avg | 42.3 |
| APM peak | 87 |
| eAPM avg | 19.2 |
| Villagers / military | 146 / 155 |
Focus
⚔️ 32.3% · 🌾 67.7%
Knight ×121 · Scout Cavalry ×30 · Monk ×4
Feudal
9:05
Castle
25:50
Imperial
44:54
| APM avg | 56.5 |
| APM peak | 81 |
| eAPM avg | 21.6 |
| Villagers / military | 113 / 134 |
Focus
⚔️ 31.7% · 🌾 68.3%
Cavalry Archer ×69 · Archer ×36 · Skirmisher ×12 · Monk ×8 · Battering Ram ×5 · Spearman ×3
Feudal
9:43
Castle
24:57
Imperial
44:22
| APM avg | 39.0 |
| APM peak | 85 |
| eAPM avg | 18.0 |
| Villagers / military | 126 / 161 |
Focus
⚔️ 37.4% · 🌾 62.6%
Archer ×82 · Spearman ×69 · Battering Ram ×7 · Monk ×2 · Mangonel ×1
Match map
Initial resources + every placement click. Lines = walls · curves = elevation contours. ◆ gold · ⬟ stone · ● berries · ✦ relic · ◌ wall gap
Your base· ✓ Closed at 23:41 · 35t walls · 4 gate(s)
LMG_Leonardo's base· ✓ Closed at 24:20 · 92t walls · no gate
Lilita Carrió's base· ✓ Closed at 22:21 · 43t walls · 1 gate(s)
LMG_SON SABANDIJAS's base· ✓ Closed at 25:27 · 56t walls · 1 gate(s)
Gary Beil's base· ✓ Closed at 25:50 · 26t walls · 1 gate(s)
Calavera's base· ✓ Closed at 24:57 · 85t walls · no gate
Smoothed initial terrain · ◌ = detected wall gap · hover for details
Inputs per minute
— LMG_HERA DE TEMU - - LMG_Leonardo
Build order — LMG_HERA DE TEMU
First 150 of 455 actions detected
| 0:01 | Queue | Villager (Male) |
| 0:01 | Queue | Villager (Male) |
| 0:02 | Queue | Villager (Male) |
| 0:02 | Queue | Villager (Male) |
| 0:02 | Queue | Villager (Male) |
| 0:03 | Build | House |
| 0:05 | Build | House |
| 1:30 | Queue | Villager (Male) |
| 1:30 | Queue | Villager (Male) |
| 1:30 | Queue | Villager (Male) |
| 1:57 | Queue | Villager (Male) |
| 1:58 | Queue | Villager (Male) |
| 1:58 | Queue | Villager (Male) |
| 2:00 | Build | Lumber Camp |
| 2:12 | Queue | Villager (Male) |
| 2:12 | Queue | Villager (Male) |
| 2:46 | Queue | Villager (Male) |
| 2:46 | Queue | Villager (Male) |
| 2:47 | Queue | Villager (Male) |
| 3:21 | Queue | Villager (Male) |
| 3:21 | Queue | Villager (Male) |
| 3:48 | Queue | Villager (Male) |
| 3:48 | Queue | Villager (Male) |
| 3:49 | Queue | Villager (Male) |
| 3:52 | Build | House |
| 3:53 | Build | House |
| 4:06 | Queue | Villager (Male) |
| 4:06 | Queue | Villager (Male) |
| 4:50 | Build | Mill |
| 5:11 | Queue | Villager (Male) |
| 5:12 | Queue | Villager (Male) |
| 5:12 | Queue | Villager (Male) |
| 5:37 | Queue | Villager (Male) |
| 5:38 | Queue | Villager (Male) |
| 6:01 | Queue | Villager (Male) |
| 6:35 | Build | Palisade Wall |
| 6:40 | Build | Palisade Gate |
| 6:54 | Queue | Villager (Male) |
| 6:56 | Research | Loom |
| 6:57 | Queue | Villager (Male) |
| 7:30 | Research | Feudal Age |
| 7:31 | Research | Feudal Age |
| 7:31 | Research | Feudal Age |
| 7:42 | Build | House |
| 7:44 | Build | House |
| 8:41 | Build | Barracks |
| 9:19 | Queue | Villager (Male) |
| 9:19 | Queue | Villager (Male) |
| 9:40 | Queue | Villager (Male) |
| 9:40 | Age | Feudal Age |
| 9:46 | Build | Archery Range |
| 9:51 | Queue | Villager (Male) |
| 9:51 | Queue | Villager (Male) |
| 9:57 | Build | Mining Camp |
| 10:22 | Build | House |
| 10:37 | Build | Palisade Wall |
| 10:38 | Build | Palisade Wall |
| 10:46 | Build | Palisade Wall |
| 10:51 | Queue | Villager (Male) |
| 10:52 | Queue | Villager (Male) |
| 11:06 | Build | Blacksmith |
| 11:16 | Queue | Archer |
| 11:16 | Queue | Archer |
| 11:47 | Build | House |
| 11:56 | Build | House |
| 12:06 | Queue | Archer |
| 12:06 | Queue | Archer |
| 12:12 | Build | Farm |
| 12:12 | Build | Farm |
| 12:43 | Build | Farm |
| 12:45 | Queue | Archer |
| 12:45 | Queue | Archer |
| 12:45 | Queue | Archer |
| 13:00 | Queue | Villager (Male) |
| 13:00 | Queue | Villager (Male) |
| 13:01 | Queue | Villager (Male) |
| 13:10 | Build | Archery Range |
| 13:27 | Queue | Archer |
| 13:27 | Queue | Archer |
| 13:38 | Research | Double-Bit Axe |
| 13:38 | Research | Double-Bit Axe |
| 13:39 | Research | Double-Bit Axe |
| 13:51 | Build | Palisade Gate |
| 14:02 | Queue | Villager (Male) |
| 14:02 | Queue | Villager (Male) |
| 14:05 | Build | Farm |
| 14:06 | Build | Farm |
| 14:07 | Build | Farm |
| 14:24 | Queue | Villager (Male) |
| 14:24 | Queue | Villager (Male) |
| 14:36 | Build | Palisade Gate |
| 14:49 | Build | Farm |
| 14:50 | Build | Farm |
| 15:09 | Queue | Archer |
| 15:09 | Queue | Archer |
| 15:09 | Queue | Archer |
| 15:09 | Queue | Archer |
| 15:21 | Build | Palisade Wall |
| 15:27 | Build | House |
| 15:29 | Build | House |
| 15:42 | Queue | Villager (Male) |
| 15:42 | Queue | Villager (Male) |
| 15:46 | Build | Farm |
| 15:47 | Build | Farm |
| 15:57 | Build | House |
| 16:17 | Queue | Archer |
| 16:17 | Queue | Archer |
| 16:34 | Build | Palisade Wall |
| 16:45 | Build | House |
| 16:49 | Queue | Archer |
| 16:50 | Queue | Archer |
| 16:50 | Queue | Archer |
| 16:50 | Queue | Villager (Male) |
| 16:51 | Queue | Villager (Male) |
| 16:51 | Queue | Villager (Male) |
| 16:51 | Queue | Villager (Male) |
| 16:53 | Build | Farm |
| 16:54 | Build | Farm |
| 16:56 | Build | Farm |
| 17:08 | Research | Fletching |
| 17:14 | Queue | Skirmisher |
| 17:15 | Queue | Skirmisher |
| 17:33 | Queue | Villager (Male) |
| 17:33 | Queue | Villager (Male) |
| 17:48 | Build | Farm |
| 17:50 | Build | Farm |
| 17:53 | Build | Farm |
| 18:09 | Queue | Archer |
| 18:09 | Queue | Archer |
| 18:25 | Queue | Archer |
| 18:25 | Queue | Archer |
| 18:25 | Queue | Archer |
| 18:47 | Queue | Archer |
| 18:47 | Queue | Archer |
| 18:50 | Build | Palisade Wall |
| 19:34 | Queue | Archer |
| 19:34 | Queue | Archer |
| 19:34 | Queue | Archer |
| 19:56 | Queue | Archer |
| 19:56 | Queue | Archer |
| 19:57 | Queue | Archer |
| 20:05 | Build | Palisade Wall |
| 20:11 | Queue | Villager (Male) |
| 20:11 | Queue | Villager (Male) |
| 20:12 | Queue | Villager (Male) |
| 20:12 | Queue | Villager (Male) |
| 20:27 | Build | Market |
| 20:45 | Research | Castle Age |
| 20:45 | Research | Castle Age |
| 20:45 | Research | Castle Age |
Build order — LMG_Leonardo
First 150 of 356 actions detected
| 0:01 | Queue | Villager (Male) |
| 0:01 | Queue | Villager (Male) |
| 0:01 | Queue | Villager (Male) |
| 0:02 | Queue | Villager (Male) |
| 0:02 | Build | House |
| 0:04 | Build | House |
| 1:32 | Queue | Villager (Male) |
| 1:32 | Queue | Villager (Male) |
| 1:56 | Queue | Villager (Male) |
| 1:57 | Queue | Villager (Male) |
| 2:04 | Build | Lumber Camp |
| 2:14 | Queue | Villager (Male) |
| 2:14 | Queue | Villager (Male) |
| 2:40 | Queue | Villager (Male) |
| 2:40 | Queue | Villager (Male) |
| 3:09 | Queue | Villager (Male) |
| 3:10 | Queue | Villager (Male) |
| 3:26 | Build | House |
| 3:36 | Queue | Villager (Male) |
| 3:36 | Queue | Villager (Male) |
| 3:48 | Queue | Villager (Male) |
| 3:48 | Queue | Villager (Male) |
| 3:50 | Queue | Villager (Male) |
| 3:50 | Queue | Villager (Male) |
| 4:32 | Queue | Villager (Male) |
| 4:32 | Queue | Villager (Male) |
| 4:32 | Queue | Villager (Male) |
| 4:33 | Queue | Villager (Male) |
| 4:38 | Build | Mill |
| 5:54 | Research | Loom |
| 6:35 | Research | Feudal Age |
| 7:00 | Queue | Villager (Male) |
| 7:00 | Queue | Villager (Male) |
| 7:29 | Build | House |
| 7:47 | Build | Barracks |
| 8:02 | Queue | Villager (Male) |
| 8:03 | Queue | Villager (Male) |
| 8:35 | Build | House |
| 8:51 | Age | Feudal Age |
| 8:55 | Build | Stable |
| 9:01 | Research | Double-Bit Axe |
| 9:26 | Build | House |
| 9:45 | Build | House |
| 9:50 | Queue | Villager (Male) |
| 9:51 | Queue | Scout Cavalry |
| 9:52 | Queue | Scout Cavalry |
| 9:52 | Queue | Scout Cavalry |
| 10:25 | Build | Palisade Wall |
| 10:26 | Build | Palisade Wall |
| 10:31 | Queue | Villager (Male) |
| 10:31 | Queue | Villager (Male) |
| 10:42 | Build | Farm |
| 10:45 | Build | Farm |
| 10:47 | Build | Farm |
| 10:50 | Build | Farm |
| 10:57 | Queue | Villager (Male) |
| 10:57 | Queue | Villager (Male) |
| 10:58 | Queue | Villager (Male) |
| 10:59 | Build | Farm |
| 11:28 | Research | Horse Collar |
| 11:45 | Queue | Villager (Male) |
| 11:48 | Build | Farm |
| 11:55 | Build | House |
| 12:02 | Queue | Villager (Male) |
| 12:19 | Build | Palisade Wall |
| 12:20 | Build | Palisade Wall |
| 12:25 | Build | Palisade Wall |
| 12:29 | Build | Palisade Wall |
| 12:31 | Queue | Villager (Male) |
| 12:37 | Build | Farm |
| 12:43 | Build | Palisade Wall |
| 13:06 | Build | Palisade Wall |
| 13:16 | Queue | Villager (Male) |
| 13:16 | Queue | Villager (Male) |
| 13:17 | Queue | Scout Cavalry |
| 13:33 | Build | Blacksmith |
| 13:42 | Build | Farm |
| 13:53 | Build | Farm |
| 13:57 | Build | Farm |
| 13:58 | Queue | Villager (Male) |
| 14:02 | Build | Farm |
| 14:04 | Queue | Villager (Male) |
| 14:04 | Queue | Villager (Male) |
| 14:20 | Queue | Villager (Male) |
| 14:20 | Queue | Villager (Male) |
| 14:31 | Build | Palisade Wall |
| 15:02 | Build | Farm |
| 15:03 | Queue | Villager (Male) |
| 15:03 | Queue | Villager (Male) |
| 15:08 | Build | Stable |
| 15:17 | Queue | Villager (Male) |
| 15:17 | Queue | Villager (Male) |
| 15:38 | Build | Stable |
| 15:42 | Build | Farm |
| 15:51 | Research | Scale Barding Armor |
| 16:02 | Build | Farm |
| 16:03 | Build | Farm |
| 16:03 | Build | Farm |
| 16:09 | Build | Farm |
| 16:13 | Queue | Scout Cavalry |
| 16:14 | Queue | Scout Cavalry |
| 16:14 | Queue | Scout Cavalry |
| 16:25 | Build | House |
| 16:27 | Build | House |
| 16:53 | Build | House |
| 16:54 | Queue | Villager (Male) |
| 16:56 | Queue | Scout Cavalry |
| 16:57 | Queue | Scout Cavalry |
| 16:57 | Queue | Scout Cavalry |
| 16:57 | Queue | Scout Cavalry |
| 17:07 | Build | Farm |
| 17:07 | Build | Farm |
| 17:08 | Build | Farm |
| 17:31 | Queue | Scout Cavalry |
| 17:31 | Queue | Scout Cavalry |
| 18:05 | Build | Farm |
| 18:06 | Build | Farm |
| 18:09 | Build | Farm |
| 18:24 | Research | Wheelbarrow |
| 18:49 | Build | Mining Camp |
| 19:20 | Queue | Villager (Male) |
| 19:20 | Queue | Villager (Male) |
| 19:29 | Build | Stable |
| 20:17 | Queue | Villager (Male) |
| 21:40 | Research | Castle Age |
| 22:15 | Build | Watch Tower |
| 22:21 | Build | House |
| 22:23 | Build | House |
| 22:25 | Research | Bloodlines |
| 22:27 | Queue | Scout Cavalry |
| 22:28 | Queue | Scout Cavalry |
| 22:28 | Queue | Scout Cavalry |
| 22:28 | Queue | Scout Cavalry |
| 22:29 | Queue | Scout Cavalry |
| 22:29 | Queue | Scout Cavalry |
| 22:29 | Queue | Scout Cavalry |
| 22:29 | Queue | Scout Cavalry |
| 23:39 | Queue | Scout Cavalry |
| 23:39 | Queue | Scout Cavalry |
| 23:39 | Queue | Scout Cavalry |
| 23:39 | Queue | Scout Cavalry |
| 23:39 | Queue | Scout Cavalry |
| 23:40 | Queue | Scout Cavalry |
| 24:03 | Build | Farm |
| 24:05 | Build | Lumber Camp |
| 24:19 | Queue | Scout Cavalry |
| 24:20 | Queue | Scout Cavalry |
| 24:20 | Queue | Scout Cavalry |
| 24:20 | Queue | Scout Cavalry |
| 24:20 | Queue | Scout Cavalry |
Build order — Lilita Carrió
First 150 of 446 actions detected
| 0:01 | Queue | Villager (Male) |
| 0:01 | Queue | Villager (Male) |
| 0:01 | Queue | Villager (Male) |
| 0:02 | Queue | Villager (Male) |
| 0:02 | Queue | Villager (Male) |
| 0:03 | Build | House |
| 0:05 | Build | House |
| 1:34 | Queue | Villager (Male) |
| 1:34 | Queue | Villager (Male) |
| 1:53 | Build | Lumber Camp |
| 2:08 | Queue | Villager (Male) |
| 2:08 | Queue | Villager (Male) |
| 2:34 | Queue | Villager (Male) |
| 2:34 | Queue | Villager (Male) |
| 2:44 | Build | House |
| 2:45 | Build | House |
| 2:54 | Queue | Villager (Male) |
| 2:54 | Queue | Villager (Male) |
| 3:30 | Queue | Villager (Male) |
| 3:56 | Queue | Villager (Male) |
| 4:23 | Queue | Villager (Male) |
| 4:52 | Queue | Villager (Male) |
| 4:53 | Queue | Villager (Male) |
| 4:59 | Build | Mill |
| 5:44 | Queue | Villager (Male) |
| 5:48 | Queue | Villager (Male) |
| 5:51 | Research | Loom |
| 7:08 | Research | Feudal Age |
| 7:40 | Build | Barracks |
| 9:06 | Build | House |
| 9:18 | Age | Feudal Age |
| 9:20 | Build | Stable |
| 9:21 | Research | Double-Bit Axe |
| 9:22 | Queue | Villager (Male) |
| 9:23 | Queue | Villager (Male) |
| 9:56 | Queue | Villager (Male) |
| 9:59 | Research | Horse Collar |
| 10:08 | Build | House |
| 10:11 | Build | Palisade Wall |
| 10:14 | Build | Palisade Wall |
| 10:17 | Queue | Scout Cavalry |
| 10:17 | Queue | Scout Cavalry |
| 10:17 | Queue | Scout Cavalry |
| 10:39 | Build | Farm |
| 10:39 | Queue | Villager (Male) |
| 10:44 | Build | House |
| 10:46 | Build | Palisade Wall |
| 11:01 | Queue | Scout Cavalry |
| 11:09 | Build | Farm |
| 11:11 | Queue | Villager (Male) |
| 11:33 | Queue | Villager (Male) |
| 11:33 | Queue | Villager (Male) |
| 11:38 | Build | Farm |
| 11:40 | Build | Farm |
| 11:50 | Build | Palisade Gate |
| 11:59 | Queue | Villager (Male) |
| 12:06 | Build | Farm |
| 12:19 | Build | Lumber Camp |
| 12:26 | Build | House |
| 12:29 | Queue | Villager (Male) |
| 12:40 | Build | Farm |
| 12:45 | Build | Farm |
| 12:52 | Queue | Villager (Male) |
| 12:54 | Queue | Scout Cavalry |
| 12:54 | Queue | Scout Cavalry |
| 13:12 | Build | House |
| 13:16 | Build | Palisade Wall |
| 13:19 | Queue | Villager (Male) |
| 13:23 | Build | Farm |
| 13:35 | Build | House |
| 13:46 | Queue | Villager (Male) |
| 13:50 | Build | Farm |
| 14:19 | Build | House |
| 14:19 | Queue | Villager (Male) |
| 14:21 | Build | Farm |
| 14:26 | Queue | Villager (Male) |
| 14:48 | Build | Blacksmith |
| 14:58 | Queue | Villager (Male) |
| 15:17 | Build | House |
| 15:19 | Build | Palisade Wall |
| 15:27 | Build | Farm |
| 15:29 | Queue | Villager (Male) |
| 15:29 | Queue | Villager (Male) |
| 15:30 | Queue | Villager (Male) |
| 15:30 | Queue | Villager (Male) |
| 15:31 | Queue | Villager (Male) |
| 15:31 | Queue | Villager (Male) |
| 15:38 | Build | House |
| 15:46 | Queue | Scout Cavalry |
| 16:02 | Research | Scale Barding Armor |
| 16:19 | Build | Mining Camp |
| 16:31 | Queue | Villager (Male) |
| 16:37 | Research | Forging |
| 17:21 | Build | Farm |
| 17:21 | Build | Farm |
| 17:21 | Build | Farm |
| 17:22 | Build | Farm |
| 17:22 | Build | Farm |
| 17:22 | Build | Farm |
| 17:49 | Build | House |
| 17:50 | Build | House |
| 17:54 | Build | House |
| 18:00 | Build | Farm |
| 18:36 | Build | House |
| 18:36 | Build | House |
| 18:39 | Queue | Villager (Male) |
| 18:41 | Queue | Villager (Male) |
| 18:49 | Build | Market |
| 18:59 | Build | Stable |
| 19:41 | Research | Castle Age |
| 20:01 | Build | House |
| 20:03 | Build | House |
| 20:06 | Build | House |
| 20:07 | Build | House |
| 20:10 | Build | House |
| 20:12 | Build | House |
| 20:27 | Build | House |
| 20:35 | Build | House |
| 20:38 | Build | House |
| 20:39 | Build | House |
| 20:40 | Build | House |
| 20:42 | Build | House |
| 20:44 | Build | House |
| 20:46 | Build | House |
| 21:15 | Research | Bloodlines |
| 22:06 | Build | House |
| 22:09 | Build | House |
| 22:09 | Build | House |
| 22:13 | Build | House |
| 22:14 | Build | House |
| 22:15 | Build | House |
| 22:17 | Build | House |
| 22:21 | Age | Castle Age |
| 22:23 | Queue | Unit 1944 |
| 22:23 | Queue | Unit 1944 |
| 22:23 | Queue | Unit 1944 |
| 22:24 | Queue | Unit 1944 |
| 22:24 | Queue | Unit 1944 |
| 22:24 | Queue | Unit 1944 |
| 22:24 | Queue | Unit 1944 |
| 22:24 | Queue | Unit 1944 |
| 22:25 | Queue | Unit 1944 |
| 22:32 | Queue | Villager (Male) |
| 22:32 | Queue | Villager (Male) |
| 22:36 | Build | Town Center |
| 22:41 | Research | Bow Saw |
| 23:04 | Queue | Unit 1944 |
| 23:04 | Queue | Unit 1944 |
| 23:04 | Queue | Unit 1944 |
| 23:10 | Build | Farm |
Build order — LMG_SON SABANDIJAS
First 150 of 464 actions detected
| 0:00 | Queue | Villager (Male) |
| 0:01 | Queue | Villager (Male) |
| 0:02 | Build | House |
| 0:03 | Build | House |
| 0:04 | Queue | Villager (Male) |
| 0:11 | Queue | Villager (Male) |
| 0:11 | Queue | Villager (Male) |
| 1:23 | Queue | Villager (Male) |
| 1:24 | Queue | Villager (Male) |
| 1:38 | Queue | Villager (Male) |
| 1:38 | Queue | Villager (Male) |
| 2:09 | Build | Lumber Camp |
| 2:18 | Queue | Villager (Male) |
| 2:18 | Queue | Villager (Male) |
| 2:19 | Queue | Villager (Male) |
| 2:47 | Queue | Villager (Male) |
| 2:47 | Queue | Villager (Male) |
| 2:48 | Queue | Villager (Male) |
| 3:00 | Build | House |
| 3:04 | Queue | Villager (Male) |
| 3:05 | Queue | Villager (Male) |
| 3:20 | Queue | Villager (Male) |
| 3:20 | Queue | Villager (Male) |
| 3:35 | Queue | Villager (Male) |
| 4:19 | Queue | Villager (Male) |
| 4:19 | Queue | Villager (Male) |
| 4:20 | Queue | Villager (Male) |
| 4:36 | Queue | Villager (Male) |
| 4:37 | Queue | Villager (Male) |
| 5:05 | Build | Mill |
| 5:36 | Queue | Villager (Male) |
| 6:07 | Queue | Villager (Male) |
| 6:13 | Queue | Villager (Male) |
| 6:18 | Research | Loom |
| 7:00 | Research | Feudal Age |
| 7:00 | Research | Feudal Age |
| 7:38 | Queue | Villager (Male) |
| 7:45 | Build | Barracks |
| 7:51 | Build | House |
| 8:51 | Queue | Villager (Male) |
| 8:52 | Queue | Villager (Male) |
| 9:16 | Age | Feudal Age |
| 9:19 | Build | Stable |
| 9:27 | Queue | Villager (Male) |
| 9:31 | Research | Double-Bit Axe |
| 9:44 | Build | Palisade Gate |
| 9:53 | Build | House |
| 9:56 | Build | Palisade Wall |
| 10:00 | Build | Palisade Wall |
| 10:10 | Queue | Scout Cavalry |
| 10:10 | Queue | Scout Cavalry |
| 10:15 | Queue | Villager (Male) |
| 10:20 | Build | House |
| 10:21 | Build | Palisade Wall |
| 10:28 | Queue | Villager (Male) |
| 10:33 | Build | Palisade Wall |
| 10:36 | Build | Palisade Wall |
| 10:41 | Build | Palisade Wall |
| 10:45 | Queue | Villager (Male) |
| 10:46 | Queue | Villager (Male) |
| 10:54 | Queue | Villager (Male) |
| 10:54 | Queue | Villager (Male) |
| 11:00 | Queue | Scout Cavalry |
| 11:00 | Queue | Scout Cavalry |
| 11:12 | Build | House |
| 11:14 | Build | Blacksmith |
| 11:17 | Build | Palisade Wall |
| 11:31 | Queue | Villager (Male) |
| 11:31 | Queue | Villager (Male) |
| 11:44 | Build | Palisade Wall |
| 12:01 | Queue | Scout Cavalry |
| 12:10 | Build | Palisade Wall |
| 12:12 | Build | Palisade Wall |
| 12:15 | Queue | Villager (Male) |
| 12:16 | Queue | Villager (Male) |
| 12:22 | Queue | Villager (Male) |
| 12:25 | Build | Farm |
| 12:25 | Build | Farm |
| 12:25 | Build | Farm |
| 12:25 | Build | Farm |
| 12:26 | Queue | Villager (Male) |
| 12:26 | Queue | Villager (Male) |
| 12:45 | Build | Farm |
| 12:58 | Build | Lumber Camp |
| 13:04 | Queue | Villager (Male) |
| 13:30 | Queue | Villager (Male) |
| 13:32 | Build | Farm |
| 13:36 | Build | Farm |
| 13:44 | Queue | Villager (Male) |
| 13:55 | Build | Farm |
| 13:58 | Build | Farm |
| 14:00 | Queue | Villager (Male) |
| 14:23 | Build | Farm |
| 14:25 | Build | Farm |
| 14:29 | Research | Forging |
| 14:46 | Build | House |
| 14:48 | Queue | Villager (Male) |
| 14:50 | Build | Farm |
| 14:53 | Build | Farm |
| 15:00 | Build | House |
| 15:15 | Queue | Scout Cavalry |
| 15:16 | Queue | Scout Cavalry |
| 15:22 | Build | Farm |
| 15:24 | Build | Farm |
| 15:25 | Queue | Villager (Male) |
| 15:25 | Queue | Villager (Male) |
| 15:32 | Build | House |
| 15:43 | Build | Farm |
| 15:47 | Build | Farm |
| 15:51 | Build | Farm |
| 15:51 | Queue | Villager (Male) |
| 15:52 | Queue | Villager (Male) |
| 16:07 | Build | Farm |
| 16:09 | Build | Farm |
| 16:13 | Build | Farm |
| 16:20 | Build | Mining Camp |
| 16:23 | Queue | Scout Cavalry |
| 16:24 | Queue | Scout Cavalry |
| 16:26 | Queue | Villager (Male) |
| 16:29 | Build | Farm |
| 16:44 | Queue | Villager (Male) |
| 16:46 | Build | Farm |
| 16:48 | Queue | Villager (Male) |
| 17:00 | Build | Farm |
| 17:01 | Queue | Villager (Male) |
| 17:26 | Queue | Scout Cavalry |
| 17:27 | Queue | Scout Cavalry |
| 17:36 | Research | Scale Barding Armor |
| 18:02 | Queue | Scout Cavalry |
| 18:04 | Queue | Villager (Male) |
| 18:04 | Queue | Villager (Male) |
| 18:04 | Queue | Villager (Male) |
| 18:05 | Queue | Villager (Male) |
| 18:09 | Build | House |
| 18:10 | Build | House |
| 18:24 | Queue | Scout Cavalry |
| 18:24 | Queue | Scout Cavalry |
| 18:37 | Queue | Scout Cavalry |
| 18:37 | Queue | Scout Cavalry |
| 18:48 | Build | House |
| 18:50 | Queue | Villager (Male) |
| 18:56 | Queue | Scout Cavalry |
| 19:29 | Queue | Scout Cavalry |
| 19:29 | Queue | Scout Cavalry |
| 19:38 | Queue | Scout Cavalry |
| 19:38 | Queue | Scout Cavalry |
| 19:41 | Queue | Scout Cavalry |
| 19:42 | Queue | Scout Cavalry |
| 19:52 | Queue | Villager (Male) |
| 19:52 | Queue | Villager (Male) |
Build order — Gary Beil
First 150 of 355 actions detected
| 0:01 | Queue | Villager (Male) |
| 0:01 | Queue | Villager (Male) |
| 0:01 | Queue | Villager (Male) |
| 0:02 | Build | House |
| 0:03 | Build | House |
| 0:06 | Queue | Villager (Male) |
| 1:41 | Queue | Villager (Male) |
| 1:54 | Queue | Villager (Male) |
| 2:11 | Build | Lumber Camp |
| 2:14 | Queue | Villager (Male) |
| 2:45 | Queue | Villager (Male) |
| 2:45 | Queue | Villager (Male) |
| 3:30 | Build | House |
| 3:31 | Build | House |
| 3:45 | Queue | Villager (Male) |
| 3:47 | Queue | Villager (Male) |
| 4:28 | Build | Mining Camp |
| 4:38 | Queue | Villager (Male) |
| 4:38 | Queue | Villager (Male) |
| 5:13 | Queue | Villager (Male) |
| 5:14 | Queue | Villager (Male) |
| 5:15 | Research | Loom |
| 6:55 | Research | Feudal Age |
| 7:41 | Build | Barracks |
| 7:41 | Build | House |
| 8:31 | Queue | Villager (Male) |
| 9:05 | Age | Feudal Age |
| 9:12 | Queue | Villager (Male) |
| 9:14 | Build | Archery Range |
| 9:17 | Build | Archery Range |
| 9:30 | Research | Double-Bit Axe |
| 9:47 | Queue | Spearman |
| 9:55 | Queue | Villager (Male) |
| 10:07 | Queue | Archer |
| 10:25 | Queue | Archer |
| 10:26 | Queue | Archer |
| 10:30 | Build | Mill |
| 10:39 | Queue | Villager (Male) |
| 10:39 | Queue | Villager (Male) |
| 10:43 | Queue | Archer |
| 11:04 | Queue | Archer |
| 11:09 | Build | Blacksmith |
| 11:25 | Queue | Villager (Male) |
| 11:26 | Queue | Archer |
| 11:31 | Build | House |
| 11:37 | Research | Town Watch |
| 11:41 | Queue | Villager (Male) |
| 11:54 | Queue | Archer |
| 11:54 | Queue | Archer |
| 11:58 | Build | Farm |
| 12:02 | Build | Farm |
| 12:14 | Build | House |
| 12:19 | Queue | Archer |
| 12:26 | Build | House |
| 12:33 | Build | Palisade Wall |
| 12:44 | Build | House |
| 12:48 | Queue | Archer |
| 12:50 | Build | Farm |
| 13:06 | Build | House |
| 13:09 | Build | House |
| 13:11 | Build | House |
| 13:16 | Build | House |
| 13:17 | Build | House |
| 13:27 | Queue | Archer |
| 13:28 | Queue | Villager (Male) |
| 13:31 | Build | House |
| 13:33 | Build | Palisade Wall |
| 13:37 | Build | Palisade Wall |
| 13:59 | Queue | Villager (Male) |
| 14:07 | Queue | Archer |
| 14:27 | Build | Farm |
| 14:28 | Queue | Archer |
| 14:34 | Queue | Villager (Male) |
| 14:44 | Queue | Villager (Male) |
| 14:53 | Queue | Villager (Male) |
| 15:01 | Research | Fletching |
| 15:07 | Build | House |
| 15:14 | Build | Farm |
| 15:20 | Queue | Villager (Male) |
| 15:23 | Build | House |
| 15:26 | Build | Farm |
| 15:34 | Queue | Villager (Male) |
| 15:41 | Queue | Archer |
| 15:41 | Queue | Archer |
| 15:51 | Build | Lumber Camp |
| 15:53 | Queue | Villager (Male) |
| 16:00 | Build | Palisade Gate |
| 16:03 | Build | Farm |
| 16:07 | Build | House |
| 16:07 | Queue | Villager (Male) |
| 16:24 | Research | Padded Archer Armor |
| 16:28 | Queue | Archer |
| 16:28 | Queue | Archer |
| 16:37 | Build | House |
| 16:58 | Queue | Villager (Male) |
| 17:02 | Build | Farm |
| 17:08 | Queue | Archer |
| 17:08 | Queue | Archer |
| 17:15 | Build | House |
| 17:25 | Queue | Archer |
| 17:25 | Queue | Archer |
| 17:26 | Queue | Villager (Male) |
| 17:48 | Build | House |
| 18:12 | Queue | Villager (Male) |
| 18:16 | Queue | Archer |
| 18:16 | Queue | Archer |
| 18:19 | Build | House |
| 18:21 | Queue | Villager (Male) |
| 18:35 | Queue | Archer |
| 18:36 | Queue | Archer |
| 18:40 | Build | Lumber Camp |
| 18:47 | Queue | Archer |
| 19:28 | Queue | Archer |
| 19:29 | Queue | Archer |
| 19:30 | Queue | Villager (Male) |
| 19:31 | Build | House |
| 19:50 | Queue | Archer |
| 19:57 | Build | Archery Range |
| 19:59 | Queue | Skirmisher |
| 20:00 | Queue | Skirmisher |
| 20:02 | Build | House |
| 20:08 | Build | Market |
| 20:16 | Queue | Skirmisher |
| 20:19 | Research | Horse Collar |
| 20:33 | Queue | Skirmisher |
| 20:38 | Build | House |
| 20:42 | Build | Lumber Camp |
| 21:07 | Queue | Skirmisher |
| 21:07 | Queue | Skirmisher |
| 21:08 | Queue | Spearman |
| 21:24 | Queue | Archer |
| 21:25 | Queue | Archer |
| 21:37 | Queue | Spearman |
| 21:38 | Queue | Archer |
| 21:38 | Queue | Archer |
| 21:39 | Queue | Archer |
| 21:40 | Build | Farm |
| 21:45 | Build | Farm |
| 21:53 | Build | Farm |
| 21:59 | Queue | Archer |
| 21:59 | Queue | Archer |
| 22:09 | Queue | Skirmisher |
| 22:09 | Queue | Skirmisher |
| 22:25 | Queue | Skirmisher |
| 22:25 | Queue | Skirmisher |
| 22:37 | Build | House |
| 22:41 | Build | Farm |
| 22:42 | Build | Farm |
| 23:10 | Research | Castle Age |
| 23:22 | Build | Stable |
Build order — Calavera
First 150 of 441 actions detected
| 0:00 | Queue | Villager (Male) |
| 0:00 | Queue | Villager (Male) |
| 0:00 | Queue | Villager (Male) |
| 0:01 | Queue | Villager (Male) |
| 0:02 | Build | House |
| 0:03 | Build | House |
| 1:14 | Queue | Villager (Male) |
| 2:02 | Queue | Villager (Male) |
| 2:19 | Queue | Villager (Male) |
| 2:53 | Build | Lumber Camp |
| 3:23 | Queue | Villager (Male) |
| 3:23 | Queue | Villager (Male) |
| 3:37 | Queue | Villager (Male) |
| 3:37 | Queue | Villager (Male) |
| 4:09 | Queue | Villager (Male) |
| 4:30 | Build | House |
| 4:32 | Build | House |
| 4:45 | Queue | Villager (Male) |
| 4:46 | Queue | Villager (Male) |
| 4:46 | Queue | Villager (Male) |
| 4:58 | Queue | Villager (Male) |
| 5:00 | Queue | Villager (Male) |
| 5:14 | Queue | Villager (Male) |
| 5:55 | Queue | Villager (Male) |
| 6:31 | Build | Mining Camp |
| 6:52 | Research | Loom |
| 7:13 | Research | Feudal Age |
| 8:12 | Build | Barracks |
| 8:51 | Build | House |
| 9:03 | Build | Palisade Wall |
| 9:43 | Age | Feudal Age |
| 9:45 | Build | Archery Range |
| 10:01 | Build | Palisade Wall |
| 10:14 | Queue | Villager (Male) |
| 10:18 | Build | Palisade Wall |
| 10:22 | Build | Palisade Wall |
| 10:35 | Build | Archery Range |
| 10:41 | Build | Palisade Wall |
| 10:42 | Build | Palisade Wall |
| 10:44 | Queue | Villager (Male) |
| 10:44 | Queue | Villager (Male) |
| 10:54 | Queue | Villager (Male) |
| 10:55 | Queue | Villager (Male) |
| 11:23 | Build | Mill |
| 11:42 | Build | House |
| 11:53 | Build | House |
| 11:54 | Build | Palisade Wall |
| 11:56 | Queue | Villager (Male) |
| 12:21 | Build | Lumber Camp |
| 12:23 | Queue | Villager (Male) |
| 12:44 | Queue | Villager (Male) |
| 12:44 | Queue | Villager (Male) |
| 12:56 | Build | House |
| 12:57 | Queue | Archer |
| 12:57 | Queue | Archer |
| 13:01 | Queue | Villager (Male) |
| 13:35 | Build | Blacksmith |
| 13:40 | Build | Palisade Wall |
| 13:43 | Build | Palisade Wall |
| 13:44 | Queue | Villager (Male) |
| 13:48 | Queue | Archer |
| 13:58 | Queue | Villager (Male) |
| 14:04 | Research | Double-Bit Axe |
| 14:08 | Queue | Villager (Male) |
| 14:44 | Queue | Spearman |
| 14:44 | Queue | Spearman |
| 14:48 | Queue | Archer |
| 14:48 | Queue | Archer |
| 14:48 | Queue | Archer |
| 14:49 | Queue | Archer |
| 14:49 | Queue | Archer |
| 15:04 | Build | Farm |
| 15:11 | Research | Fletching |
| 15:14 | Queue | Spearman |
| 15:41 | Queue | Villager (Male) |
| 15:51 | Build | Market |
| 15:54 | Queue | Villager (Male) |
| 15:59 | Build | Palisade Wall |
| 16:05 | Build | Palisade Wall |
| 16:07 | Queue | Villager (Male) |
| 16:11 | Build | Farm |
| 16:14 | Queue | Archer |
| 16:14 | Queue | Archer |
| 16:14 | Queue | Archer |
| 16:15 | Queue | Archer |
| 16:15 | Queue | Archer |
| 16:43 | Build | House |
| 16:55 | Build | House |
| 17:06 | Build | Farm |
| 17:09 | Build | Farm |
| 17:10 | Build | Farm |
| 17:12 | Research | Padded Archer Armor |
| 17:42 | Build | Farm |
| 17:44 | Build | Farm |
| 17:49 | Build | Farm |
| 17:51 | Build | Farm |
| 17:55 | Queue | Villager (Male) |
| 17:55 | Queue | Villager (Male) |
| 18:18 | Queue | Villager (Male) |
| 18:23 | Build | Farm |
| 18:26 | Queue | Villager (Male) |
| 18:30 | Build | Farm |
| 18:36 | Queue | Archer |
| 18:37 | Queue | Archer |
| 18:37 | Queue | Archer |
| 18:37 | Queue | Archer |
| 18:38 | Queue | Villager (Male) |
| 18:39 | Queue | Villager (Male) |
| 18:53 | Queue | Villager (Male) |
| 19:05 | Build | Farm |
| 19:08 | Research | Horse Collar |
| 19:17 | Build | House |
| 19:28 | Build | House |
| 19:43 | Build | House |
| 19:45 | Build | House |
| 19:51 | Queue | Archer |
| 19:52 | Queue | Archer |
| 19:52 | Queue | Archer |
| 20:02 | Queue | Villager (Male) |
| 20:06 | Build | Farm |
| 20:09 | Build | Farm |
| 20:16 | Queue | Archer |
| 20:17 | Queue | Archer |
| 20:17 | Queue | Archer |
| 20:54 | Build | Farm |
| 20:55 | Build | Farm |
| 21:05 | Build | Farm |
| 21:15 | Build | House |
| 21:16 | Build | House |
| 21:26 | Build | Palisade Wall |
| 21:29 | Build | Palisade Wall |
| 22:10 | Build | Farm |
| 22:13 | Build | Farm |
| 22:17 | Research | Castle Age |
| 23:17 | Queue | Archer |
| 23:17 | Queue | Archer |
| 23:18 | Queue | Archer |
| 23:18 | Queue | Archer |
| 23:21 | Queue | Spearman |
| 23:21 | Queue | Spearman |
| 24:06 | Build | House |
| 24:08 | Build | House |
| 24:12 | Build | House |
| 24:17 | Build | House |
| 24:18 | Build | House |
| 24:57 | Build | Farm |
| 24:57 | Age | Castle Age |
| 25:00 | Research | Bodkin Arrow |
| 25:03 | Research | Crossbowman (upgrade) |
| 25:05 | Research | Pikeman (upgrade) |
Match timeline
| 6:35 | LMG_HERA DE TEMU · wall_segment Palisade Wall x1 |
| 7:40 | Lilita Carrió · first_building Barracks |
| 7:41 | Gary Beil · first_building Barracks |
| 7:45 | LMG_SON SABANDIJAS · first_building Barracks |
| 7:47 | LMG_Leonardo · first_building Barracks |
| 8:12 | Calavera · first_building Barracks |
| 8:41 | LMG_HERA DE TEMU · first_building Barracks |
| 8:51 | LMG_Leonardo · age_up feudal |
| 8:55 | LMG_Leonardo · first_building Stable |
| 9:03 | Calavera · wall_segment Palisade Wall x9 |
| 9:05 | Gary Beil · age_up feudal |
| 9:14 | Gary Beil · first_building Archery Range |
| 9:16 | LMG_SON SABANDIJAS · age_up feudal |
| 9:18 | Lilita Carrió · age_up feudal |
| 9:19 | LMG_SON SABANDIJAS · first_building Stable |
| 9:20 | Lilita Carrió · first_building Stable |
| 9:40 | LMG_HERA DE TEMU · age_up feudal |
| 9:43 | Calavera · age_up feudal |
| 9:45 | Calavera · first_building Archery Range |
| 9:46 | LMG_HERA DE TEMU · first_building Archery Range |
| 9:56 | LMG_SON SABANDIJAS · wall_segment Palisade Wall x14 |
| 10:00 | LMG_SON SABANDIJAS · wall_segment Palisade Wall x9 |
| 10:01 | Calavera · wall_segment Palisade Wall x8 |
| 10:11 | Lilita Carrió · wall_segment Palisade Wall x3 |
| 10:14 | Lilita Carrió · wall_segment Palisade Wall x6 |
| 10:18 | Calavera · wall_segment Palisade Wall x1 |
| 10:21 | LMG_SON SABANDIJAS · wall_segment Palisade Wall x2 |
| 10:22 | Calavera · wall_segment Palisade Wall x3 |
| 10:25 | LMG_Leonardo · wall_segment Palisade Wall x12 |
| 10:26 | LMG_Leonardo · wall_segment Palisade Wall x12 |
| 10:33 | LMG_SON SABANDIJAS · wall_segment Palisade Wall x2 |
| 10:36 | LMG_SON SABANDIJAS · wall_segment Palisade Wall x6 |
| 10:37 | LMG_HERA DE TEMU · wall_segment Palisade Wall x1 |
| 10:38 | LMG_HERA DE TEMU · wall_segment Palisade Wall x1 |
| 10:41 | Calavera · wall_segment Palisade Wall x7 |
| 10:41 | LMG_SON SABANDIJAS · wall_segment Palisade Wall x10 |
| 10:42 | Calavera · wall_segment Palisade Wall x4 |
| 10:46 | Lilita Carrió · wall_segment Palisade Wall x7 |
| 10:46 | LMG_HERA DE TEMU · wall_segment Palisade Wall x1 |
| 11:17 | LMG_SON SABANDIJAS · wall_segment Palisade Wall x1 |
| 11:44 | LMG_SON SABANDIJAS · wall_segment Palisade Wall x3 |
| 11:54 | Calavera · wall_segment Palisade Wall x4 |
| 12:10 | LMG_SON SABANDIJAS · wall_segment Palisade Wall x7 |
| 12:12 | LMG_SON SABANDIJAS · wall_segment Palisade Wall x2 |
| 12:19 | LMG_Leonardo · wall_segment Palisade Wall x10 |
| 12:20 | LMG_Leonardo · wall_segment Palisade Wall x9 |
| 12:25 | LMG_Leonardo · wall_segment Palisade Wall x10 |
| 12:29 | LMG_Leonardo · wall_segment Palisade Wall x9 |
| 12:33 | Gary Beil · wall_segment Palisade Wall x14 |
| 12:43 | LMG_Leonardo · wall_segment Palisade Wall x6 |
| 13:06 | LMG_Leonardo · wall_segment Palisade Wall x8 |
| 13:16 | Lilita Carrió · wall_segment Palisade Wall x12 |
| 13:33 | Gary Beil · wall_segment Palisade Wall x11 |
| 13:37 | Gary Beil · wall_segment Palisade Wall x1 |
| 13:40 | Calavera · wall_segment Palisade Wall x3 |
| 13:43 | Calavera · wall_segment Palisade Wall x14 |
| 14:31 | LMG_Leonardo · wall_segment Palisade Wall x18 |
| 15:19 | Lilita Carrió · wall_segment Palisade Wall x15 |
| 15:21 | LMG_HERA DE TEMU · wall_segment Palisade Wall x1 |
| 15:59 | Calavera · wall_segment Palisade Wall x10 |
| 16:05 | Calavera · wall_segment Palisade Wall x7 |
| 16:34 | LMG_HERA DE TEMU · wall_segment Palisade Wall x14 |
| 18:50 | LMG_HERA DE TEMU · wall_segment Palisade Wall x1 |
| 20:05 | LMG_HERA DE TEMU · wall_segment Palisade Wall x7 |
| 20:56 | LMG_HERA DE TEMU · wall_segment Palisade Wall x1 |
| 21:26 | Calavera · wall_segment Palisade Wall x6 |
| 21:29 | Calavera · wall_segment Palisade Wall x9 |
| 22:21 | Lilita Carrió · age_up castle |
| 22:43 | LMG_HERA DE TEMU · wall_segment Palisade Wall x7 |
| 23:13 | LMG_HERA DE TEMU · first_building Stable |
| 23:22 | Gary Beil · first_building Stable |
| 23:41 | LMG_HERA DE TEMU · age_up castle |
| 23:58 | LMG_HERA DE TEMU · first_market_buy 100 wood |
| 24:20 | LMG_Leonardo · age_up castle |
| 24:34 | Lilita Carrió · wall_segment Palisade Wall x1 |
| 24:57 | Calavera · age_up castle |
| 25:27 | LMG_SON SABANDIJAS · age_up castle |
| 25:50 | Gary Beil · age_up castle |
| 26:49 | LMG_Leonardo · first_market_sell 100 wood |
| 26:51 | LMG_Leonardo · first_market_buy 100 stone |
| 27:49 | LMG_Leonardo · first_building Monastery |
| 27:55 | Gary Beil · first_market_sell 100 food |
| 29:05 | Gary Beil · first_building Siege Workshop |
| 29:18 | Calavera · first_building Siege Workshop |
| 29:34 | LMG_SON SABANDIJAS · first_building Monastery |
| 30:24 | Calavera · wall_segment Palisade Wall x1 |
| 30:25 | Calavera · wall_segment Palisade Wall x1 |
| 30:26 | Calavera · wall_segment Palisade Wall x1 |
| 31:25 | LMG_HERA DE TEMU · first_building Monastery |
| 32:36 | LMG_Leonardo · first_building Siege Workshop |
| 32:49 | Calavera · first_building Monastery |
| 33:09 | Calavera · tribute_sent a jugador 1 |
| 33:09 | Calavera · tribute_sent a jugador 2 |
| 33:09 | Calavera · tribute_sent a jugador 3 |
| 33:09 | Calavera · tribute_sent a jugador 4 |
| 33:09 | Calavera · tribute_sent a jugador 5 |
| 33:13 | Gary Beil · first_market_buy 100 stone |
| 33:21 | Lilita Carrió · first_building Monastery |
| 34:09 | Gary Beil · first_building Monastery |
| 37:04 | LMG_HERA DE TEMU · first_building Castle |
| 37:30 | Lilita Carrió · age_up imperial |
| 37:32 | Lilita Carrió · first_building Castle |
| 38:08 | LMG_Leonardo · wall_segment Palisade Wall x3 |
| 38:38 | LMG_SON SABANDIJAS · wall_segment Palisade Wall x1 |
| 38:39 | Calavera · tribute_sent a jugador 1 |
| 38:39 | Calavera · tribute_sent a jugador 2 |
| 38:39 | Calavera · tribute_sent a jugador 3 |
| 38:39 | Calavera · tribute_sent a jugador 4 |
| 38:39 | Calavera · tribute_sent a jugador 5 |
| 39:00 | LMG_Leonardo · wall_segment Palisade Wall x1 |
| 39:27 | LMG_HERA DE TEMU · first_market_sell 100 wood |
| 39:46 | LMG_SON SABANDIJAS · age_up imperial |
| 41:03 | LMG_SON SABANDIJAS · first_building Castle |
| 42:42 | LMG_HERA DE TEMU · age_up imperial |
| 42:50 | LMG_SON SABANDIJAS · first_market_sell 500 stone |
| 43:18 | Calavera · tribute_sent a jugador 1 |
| 43:18 | Calavera · tribute_sent a jugador 2 |
| 43:18 | Calavera · tribute_sent a jugador 3 |
| 43:18 | Calavera · tribute_sent a jugador 4 |
| 43:18 | Calavera · tribute_sent a jugador 5 |
| 43:31 | Calavera · first_building Castle |
| 44:22 | Calavera · age_up imperial |
| 44:54 | Gary Beil · age_up imperial |
| 45:17 | Calavera · wall_segment Palisade Wall x1 |
| 45:34 | Calavera · tribute_sent a jugador 1 |
| 45:34 | Calavera · tribute_sent a jugador 2 |
| 45:34 | Calavera · tribute_sent a jugador 3 |
| 45:34 | Calavera · tribute_sent a jugador 4 |
| 45:34 | Calavera · tribute_sent a jugador 5 |
| 46:13 | LMG_SON SABANDIJAS · resign |
| 46:39 | Lilita Carrió · tribute_sent a jugador 1 |
| 46:39 | Lilita Carrió · tribute_sent a jugador 3 |
| 46:39 | Lilita Carrió · tribute_sent a jugador 4 |
| 46:39 | Lilita Carrió · tribute_sent a jugador 5 |
| 46:39 | Lilita Carrió · tribute_sent a jugador 6 |
[ AI ANALYSIS · 1 CREDIT ]
What really happened in this match?
Wolo.gg analyzes every decision: build order, eco, micro, common mistakes by bracket. Personalized analysis on WhatsApp or Discord in 30 seconds.
Civ guide
Vietnamese
Perfil
LMG_HERA DE TEMU